 Dungeon Crawl Stone Soup version 0.23.0 (webtiles) character file.

Game seed: 2060651666614793521

88 Borgoz the Sneak (level 4, -4/27 HPs)
             Began as a Kobold Assassin on Feb 17, 2019.
             Killed from afar by an orc wizard (6 damage)
             ... with a magic dart
             ... on level 3 of the Dungeon.
             The game lasted 00:04:10 (2395 turns).

Borgoz the Sneak (Kobold Assassin)                  Turns: 2395, Time: 00:04:11

Health: -4/27      AC:  4    Str:  6 (9)  XL:     4   Next: 81%
Magic:  4/4        EV: 19    Int: 14 (17) God:
Gold:   137        SH:  0    Dex: 18 (21) Spells: 3/3 levels left

rFire    . . .     SeeInvis .   a - +2 dagger
rCold    . . .     Gourm    .   (shield restricted)
rNeg     . . .     Faith    .   h - +0 leather armour
rPois    .         Spirit   .   (no helmet)
rElec    .         Reflect  .   d - +0 cloak
rCorr    .         Harm     .   (no gloves)
MR       .....                  (no boots)
Stlth    ++........             (no amulet)
HPRegen  0.09/turn              (no ring)
MPRegen  0.09/turn              (no ring)

@: confused, brilliant, agile, flying (expiring)
A: small, carnivore
a: no special abilities


You were on level 3 of the Dungeon.
You were completely stuffed.

You visited 1 branch of the dungeon, and saw 3 of its levels.

You collected 137 gold pieces.

Inventory:

Hand Weapons
 a - a +2 dagger (weapon)
 b - a +0 blowgun
Missiles
 e - 8 poisoned needles
 f - 2 curare-tipped needles
Armour
 c - a +0 robe
 d - a +0 cloak (worn)
 h - a +0 leather armour (worn)
Jewellery
 s - a cursed ring of teleportation {unknown}
Scrolls
 j - a scroll of remove curse {unknown}
 k - a scroll of teleportation {unknown}
 l - a scroll of fear {unknown}
 m - a scroll of fog
 q - a scroll of identify {unknown}
 u - a scroll of amnesia {unknown}
Potions
 p - a potion of brilliance
Comestibles
 g - 2 rations
 t - 2 chunks of flesh


   Skills:
 + Level 2.6 Fighting
 * Level 4.0 Short Blades
 + Level 2.8 Throwing
 + Level 2.1 Dodging
 * Level 6.2 Stealth


You had 3 spell levels left.
You didn't know any spells.
Your spell library was empty.

Dungeon Overview and Level Annotations

Branches:
Dungeon (3/15)

Altars:
Trog
Wu Jian


Innate Abilities, Weirdness & Mutations

You are small and have problems with some larger weapons.
You are carnivorous and can eat meat at any time.


Message History

You closely miss something. The orc wizard casts a spell at you.
You hear some strange, mumbled words.
You are confused.
You bump into the rock wall.
You hear some strange, mumbled words.
A magic dart appears from out of thin air!
The magic dart hits you.
* * * LOW HITPOINT WARNING * * *
Okay, then.
You're too confused!
You bump into the rock wall.
You hear some strange, mumbled words.
You are more confused.
You bump into the rock wall.
You are starting to lose your buoyancy.
You hear some strange, mumbled words.
A magic dart appears from out of thin air!
The magic dart hits you.
You die...

........o##.....
.........##..#....
......$......# .# .
.............# .#
.#######.#.....# ..
.##......#.....# .#
.##............# .#
.##..........(o###.#.##.#
..............o{@........
..##......[###o###.#.##.#.##
.#
.................#.#.......
..#
...#####.).#######.#..#.#.#
#.# ...........###
#.#..#.#.###.#
.............#
#.#..#.....#.#
...........#.#
#.#..#.#.###.#
.#.#######.#.#
#.#..#....<#.### .#.# #.# #
#.#.............


You could see an orc wizard and 2 orcs.

Vanquished Creatures
  2 adders (D:3)
  3 worms (D:2)
  2 dart slugs (D:1)
  3 leopard geckos
  2 orcs (D:3)
  7 giant cockroaches
  5 goblins
  5 hobgoblins
  2 jackals (D:1)
  3 kobolds
  5 bats
  3 frilled lizards
  6 rats
48 creatures vanquished.

Notes
Turn   | Place    | Note
-------+----------+-------------------------------------------
     0 | D:1      | Borgoz the Kobold Assassin began the quest for the Orb.
     0 | D:1      | Reached XP level 1. HP: 12/12 MP: 1/1
   101 | D:1      | Reached XP level 2. HP: 9/17 MP: 2/2
   485 | D:1      | Reached XP level 3. HP: 15/22 MP: 3/3
  1436 | D:2      | Found an ornate altar of the Wu Jian Council.
  1462 | D:2      | Reached skill level 6 in Stealth
  1523 | D:2      | Reached XP level 4. HP: 14/27 MP: 4/4
  2142 | D:2      | Found a bloodstained altar of Trog.
  2395 | D:3      | Killed from afar by an orc wizard

Skill      XL: |  1  2  3  4 |
---------------+-------------+-----
Short Blades   | 3 4 |  4.0
Stealth        | 6 |  6.2
Dodging        | 2 |  2.1
Fighting       | |  2.6
Throwing       | |  2.8

Action                   |  1- 3 |  4- 6 || total
-------------------------+-------+-------++-------
Melee: Dagger            |   136 |    92 ||   228
  Use: Scroll            |     1 |       ||     1
       Potion            |       |     5 ||     5
 Stab: Sleeping          |     7 |     1 ||     8
       Distracted        |     1 |       ||     1
  Eat: Chunk             |    10 |     3 ||    13
Armor: Robe              |    15 |       ||    15
       Leather armour    |    16 |    14 ||    30
Dodge: Dodged            |    90 |    60 ||   150
